Map: Tokamak LE

Players

LigerMaNN

  • Race: Zerg Zerg
  • League: Diamond
  • Spawn Location: 1:00

Jake - Winner!

  • Race: Protoss Protoss
  • League: Diamond
  • Spawn Location: 7:00

VOD

Have the link to the VOD?

Description

Time

  • Played on: July 2, 2025, 11:21 p.m.
  • Length: 15:07
Show
View Real Time Build Order
Export as new Build Order

LigerMaNN Zerg 

Build Orders: Hatch First 

Get SALT Encoding   

  12  0:01  Drone  
  13  0:13  Overlord  
  13  0:17  Drone  
  14  0:31  Drone x2  
  16  0:48  Hatchery  
  15  0:51  Drone  
  15  0:55  Drone  
  17  0:58  Drone  
  18  1:08  Extractor  
  17  1:15  Spawning Pool  
  17  1:17  Drone  
  17  1:20  Drone  
  18  1:28  Drone  
  19  1:41  Drone  
  20  1:53  Drone  
  21  2:02  Zergling x4  
  23  2:10  Overlord  
  23  2:14  Metabolic Boost  
  23  2:19  Queen x2  
  27  2:28  Drone  
  27  2:29  Drone x2  
  30  2:33  Drone x2  
  32  2:46  Drone  
  32  2:47  Drone, Baneling Nest  
  33  3:00  Hatchery  
  33  3:05  Drone  
  33  3:07  Zergling x4  
  33  3:09  Zergling x2  
  36  3:18  Overlord  
  36  3:19  Overlord  
  36  3:36  Zergling x8  
  36  3:37  Zergling x8  
  39  4:05  Zergling x18  
  45  4:27  Zergling x14  
  50  4:37  Queen  
  49  4:44  Evolution Chamber  
  49  4:45  Evolution Chamber  
  46  4:57  Drone  
  46  4:58  Drone x8  
  54  5:08  Drone x3  
  57  5:16  Lair  
  57  5:18  Zerg Ground Armor Level 1, Zerg Missile Weapons Level 1  
  57  5:23  Roach Warren  
  57  5:25  Drone  
  57  5:27  Overlord  
  57  5:28  Overlord  
  57  5:49  Drone x3, Extractor  
  59  5:50  Drone  
  59  5:51  Drone x2, Extractor  
  59  5:53  Drone x2  
  59  5:54  Drone x4  
  59  5:56  Drone  
  59  5:57  Drone  
  69  6:11  Overlord x3  
  69  6:19  Drone  
  69  6:21  Glial Reconstitution  
  69  6:23  Roach x2  
  74  6:26  Overlord x4  
  74  6:49  Roach x6  
  74  6:50  Roach x6  
  74  6:51  Roach  
  100  7:03  Overlord x4  
  100  7:07  Roach x2  
  104  7:13  Zerg Missile Weapons Level 2  
  102  7:32  Roach x8  
  102  7:34  Zergling x8  
  121  7:45  Roach  
  121  7:46  Roach x3  
  121  7:48  Overlord x4  
  128  8:05  Roach x6  
  140  8:08  Overlord  
  140  8:11  Overlord  
  140  8:16  Roach x2  
  140  8:17  Roach  
  146  8:24  Hatchery  
  141  8:38  Roach x8  
  141  8:39  Roach  
  159  8:44  Roach  
  159  8:45  Roach  
  152  9:14  Roach x3  
  152  9:15  Roach x6  
  153  9:23  Roach x3  
  111  9:36  Roach  
  111  9:37  Roach x4  
  113  9:43  Roach x2  
  109  9:48  Zergling x6  
  96  9:59  Drone x2  
  99  10:00  Drone, Extractor  
  99  10:03  Queen x3  
  104  10:08  Roach x4  
  104  10:09  Roach  
  114  10:23  Drone x2  
  114  10:24  Drone  
  114  10:25  Drone  
  114  10:26  Drone x8  
  126  10:29  Roach  
  128  10:43  Roach x2  
  128  10:44  Roach x4  
  140  10:53  Queen  
  140  10:54  Queen  
  129  11:18  Roach x14  
  133  11:19  Roach x4  
  149  11:32  Roach x6  
  139  11:42  Roach x6  
  151  11:48  Zerg Ground Armor Level 2  
  151  11:50  Zergling x2  
  151  11:51  Zergling x14  
  159  12:10  Roach x8  
  147  12:40  Roach x14  
  167  12:49  Roach x4  
  167  12:58  Drone x3, Extractor  
  167  12:59  Drone x2  
  167  13:00  Drone, Extractor  
  155  13:19  Roach x12  
  173  13:27  Infestation Pit  
  173  13:31  Extractor  
  173  13:33  Extractor, Roach x4  
  178  13:34  Overlord x3  
  168  14:13  Pneumatized Carapace  
  168  14:17  Drone x2  
  168  14:19  Roach x8  
  168  14:20  Roach x7  
  200  14:43  Hatchery  
Show
View Real Time Build Order
Export as new Build Order

Jake Protoss - Winner!

Build Orders: 1 Gate Expand, Chargelot Immortal 

Get SALT Encoding   

  12  0:00  Probe  
  13  0:12  Probe  
  14  0:19  Pylon  
  14  0:24  Probe  
  15  0:37  Probe  
  15  0:39  Gateway  
  16  0:44  Assimilator  
  16  0:46  Probe  
  17  0:57  Probe  
  18  1:09  Probe  
  19  1:21  Probe  
  20  1:28  Nexus  
  20  1:38  Cybernetics Core  
  20  1:39  Probe  
  21  1:48  Assimilator  
  21  1:53  Pylon  
  21  1:54  Probe  
  22  2:02  Stalker  
  22  2:04  Warp Gate  
  22  2:07  Probe  
  25  2:23  Probe  
  25  2:28  Stalker  
  26  2:36  Probe  
  29  2:41  Robotics Facility  
  29  2:42  Probe  
  30  2:45  Probe  
  31  2:55  Stalker  
  31  2:56  Pylon, Probe x2  
  35  3:06  Probe  
  35  3:10  Probe  
  37  3:15  Probe  
  38  3:26  Probe  
  41  3:28  Probe, Sentry  
  41  3:30  Observer  
  43  3:40  Pylon  
  43  3:41  Probe x2  
  43  3:43  Gateway  
  45  3:52  Immortal  
  45  3:53  Probe  
  49  3:57  Probe  
  49  4:06  Probe  
  49  4:10  Probe  
  51  4:19  Stalker  
  52  4:25  Probe x2  
  48  4:39  Probe x2  
  50  4:46  Stalker x2  
  50  4:49  Pylon  
  50  4:50  Immortal  
  58  4:53  Assimilator  
  58  4:59  Assimilator  
  58  5:01  Probe x2  
  60  5:16  Probe x2  
  60  5:18  Stalker x2  
  66  5:30  Probe  
  66  5:31  Probe  
  66  5:32  Gateway  
  66  5:33  Gateway  
  68  5:42  Stalker  
  70  5:54  Pylon  
  70  6:12  Immortal, Probe x2  
  70  6:13  Stalker  
  70  6:17  Nexus  
  78  6:19  Pylon  
  78  6:22  Pylon  
  78  6:26  Pylon  
  78  6:29  Pylon  
  78  6:35  Twilight Council  
  78  6:37  Forge, Probe x2  
  78  6:38  Forge  
  80  6:40  Stalker  
  80  6:41  Stalker x3  
  80  6:45  Gateway  
  88  6:49  Gateway  
  88  6:52  Gateway  
  88  6:54  Gateway  
  88  6:55  Probe x2  
  88  6:56  Gateway  
  88  6:59  Immortal  
  94  7:14  Probe  
  94  7:17  Probe  
  94  7:18  Stalker x4  
  103  7:27  Probe  
  104  7:39  Probe x2  
  104  7:43  Protoss Ground Armor Level 1, Pylon, Protoss Ground Weapons Level 1, Charge  
  106  7:52  Templar Archives  
  106  8:08  Probe x2  
  106  8:10  Gateway, Probe  
  109  8:14  Stalker  
  109  8:15  Stalker x7  
  109  8:16  Stalker  
  127  8:21  Probe  
  127  8:26  Probe x2  
  130  8:45  High Templar  
  132  8:54  Pylon  
  132  8:56  Pylon x2  
  132  8:57  Pylon  
  130  9:10  Immortal  
  130  9:13  Zealot x4  
  130  9:14  Zealot x2  
  130  9:15  Zealot x2  
  116  9:25  Zealot  
  116  9:29  Probe x3  
  89  9:40  Zealot x8  
  89  9:42  Probe x3  
  100  9:46  Protoss Ground Weapons Level 2  
  100  9:49  High Templar  
  102  9:56  Assimilator  
  102  9:58  Probe x2  
  105  10:01  High Templar x3  
  105  10:02  High Templar  
  105  10:03  Zealot x4  
  121  10:08  Assimilator  
  121  10:10  Probe  
  121  10:18  Archon  
  121  10:19  Archon  
  121  10:20  Immortal  
  121  10:21  Nexus  
  125  10:22  Pylon  
  125  10:25  Pylon  
  125  10:32  High Templar  
  125  10:33  Zealot x4  
  125  10:34  Zealot  
  139  10:35  Probe x3  
  139  10:40  Zealot x3  
  139  10:42  Archon  
  146  11:02  Probe x3  
  146  11:04  Zealot x9  
  141  11:15  Probe x2  
  141  11:16  Probe  
  132  11:22  Gateway  
  132  11:23  Gateway  
  130  11:26  Gateway  
  130  11:29  Gateway  
  120  11:33  Gateway  
  120  11:34  Probe x2  
  120  11:38  Protoss Ground Armor Level 2  
  116  11:40  High Templar x4  
  116  11:41  High Templar x3  
  116  11:42  Zealot x2  
  116  11:44  Probe x2  
  132  11:57  Archon x2  
  132  11:58  Archon  
  132  12:07  High Templar  
  132  12:08  Zealot  
  136  12:09  Immortal  
  136  12:13  Zealot x7  
  146  12:36  Zealot x5  
  146  12:37  Zealot x3  
  146  12:43  Zealot x3  
  146  12:44  Zealot x3  
  154  12:51  Immortal  
  152  12:56  Assimilator  
  152  12:58  High Templar x4  
  152  13:00  Zealot x4  
  152  13:01  Assimilator  
  152  13:04  Archon x3  
  154  13:21  Zealot x10  
  174  13:42  High Templar x4  
  176  13:50  Archon x2  
  176  13:55  Zealot x10  
  196  14:09  Pylon x2  
  196  14:11  Pylon  
  196  14:23  Immortal  
  196  14:27  Nexus  
  196  14:28  Pylon  
  196  14:31  Pylon  
  164  14:58  Zealot x4  
  164  14:59  Zealot x7  
  166  15:00  Zealot x3  
Tags
 
Add a new tag
Caveats
  • Supply blocks, unpowered buildings, or Contaminate may cause inaccurate times.
  • Supply counts are checked every 10 seconds.